 Dungeon Crawl Stone Soup version 0.28-a0-1190-g77e1c55843 (webtiles) character file.

Game seed: 15980359400259730220

405 Gargoyl the Skirmisher (level 6, -1/79 HPs)
             Began as a Gnoll Abyssal Knight on Dec 18, 2021.
             Was a Believer of Lugonu.
             Slain by Duvessa (4 damage)
             ... on level 4 of the Dungeon.
             The game lasted 00:03:50 (4248 turns).

Gargoyl the Skirmisher (Gnoll Abyssal Knight)       Turns: 4248, Time: 00:03:50

Health: -1/79      AC: 23    Str: 15    XL:     6   Next: 87%
Magic:  8/9        EV:  2    Int:  9    God:    Lugonu [**....]
Gold:   97         SH:  0    Dex: 12    Spells: 9/9 levels left

rFire   . . .      SeeInvis .   a - +1 hand axe (venom)
rCold   . . .      Faith    .   (no shield)
rNeg    . . .      Spirit   .   (armour currently unavailable)
rPois   +          Reflect  .   (helmet currently unavailable)
rElec   .          Harm     .   (cloak currently unavailable)
rCorr   .          Rampage  .   (gloves currently unavailable)
Will    .....      NoTele   +   (boots currently unavailable)
Stlth   ++........              (no amulet)
HPRegen 0.23/turn               (no ring)
MPRegen 0.11/turn               (no ring)

@: tree-form
A: stationary, stasis, torment immunity, boosted hp, (fangs 1), strong nose,
distributed training
a: Renounce Religion, Depart the Abyss, Bend Space


You were on level 4 of the Dungeon.
You worshipped Lugonu.
Lugonu was pleased with you.
You were a tree.
You visited 1 branch of the dungeon, and saw 4 of its levels.
You visited the Abyss 1 time.

You collected 97 gold pieces.

Inventory:

Hand Weapons
 a - a +1 hand axe of venom (weapon)
Armour
 c - a +1 pair of boots (melded)
 i - a +0 chain mail (melded)
Scrolls
 b - a scroll of blinking
Potions
 e - a potion of curing
 f - 2 potions of magic
 g - 2 potions of flight
 j - a potion of berserk rage {unknown}
 k - a potion of mutation {unknown}


   Skills:
 + Level 6.9 Fighting
 + Level 2.1 Short Blades
 + Level 2.1 Long Blades
 + Level 5.0 Axes
 + Level 2.1 Maces & Flails
 + Level 2.1 Polearms
 + Level 2.1 Staves
 + Level 2.1 Slings
 + Level 2.1 Bows
 + Level 2.1 Crossbows
 + Level 2.1 Throwing
 + Level 5.0 Armour
 + Level 3.3 Dodging
 + Level 2.1 Stealth
 + Level 2.1 Shields
 + Level 2.1 Unarmed Combat
 + Level 2.1 Spellcasting
 + Level 1.7 Conjurations
 + Level 1.7 Hexes
 + Level 1.7 Summonings
 + Level 1.7 Necromancy
 + Level 1.7 Translocations
 + Level 1.7 Transmutations
 + Level 1.7 Fire Magic
 + Level 1.7 Ice Magic
 + Level 1.7 Air Magic
 + Level 1.7 Earth Magic
 + Level 1.7 Poison Magic
 + Level 5.2 Invocations
 + Level 2.1 Evocations


You had 9 spell levels left.
You didn't know any spells.
Your spell library contained the following spells:

 Spells                   Type           Power      Damage    Failure   Level
 Ensorcelled Hibernation  Hex/Ice        8%         N/A       24%         2
 Passwall                 Tmut/Erth      3%         N/A       24%         2
 Spider Form              Tmut/Pois      4%         N/A       43%         3
 Swiftness                Air            4%         N/A       43%         3
 Tukima's Dance           Hex            4%         N/A       43%         3


Dungeon Overview and Level Annotations

Branches:
Dungeon (4/15)
 Temple: D:4-7

Altars:

Annotations:
D:4 Duvessa


Innate Abilities, Weirdness & Mutations

You are a tree.
Your roots penetrate the ground, keeping you stationary.
You cannot be teleported.
You are immune to unholy pain and torment.
Your maximum health is greatly increased.
Your equipment is partially melded.
((You have very sharp teeth.))
Your uncanny sense of smell can sniff out nearby items.
Your experience applies equally to all skills.


Message History

Duvessa is moderately wounded.
Duvessa hits you with a +1 short sword of speed.
Duvessa hits you but does no damage.
You hit Duvessa but do no damage.
Duvessa is moderately wounded.
Duvessa hits you with a +1 short sword of speed!
* * * LOW HITPOINT WARNING * * *
Duvessa barely misses you.
Duvessa hits you with a +1 short sword of speed!
* * * LOW HITPOINT WARNING * * *
Okay, then.
Space bends around you!
You blink.
Unknown command.
Okay, then.
Really quaff the potion of lignification?
You turn into a tree.
Your +1 pair of boots melds into your body.
Your +0 chain mail melds into your body.
Your roots penetrate the ground.
Duvessa rages.
It was a potion of heal wounds.
You feel much better.
You feel much better.
You hit Duvessa but do no damage.
Duvessa looks as sick as possible!
Duvessa is heavily wounded.
Duvessa hits you but does no damage.
Duvessa hits you with a +1 short sword of speed.
You hit Duvessa.
Duvessa looks as sick as possible!
Duvessa is severely wounded.
Duvessa hits you with a +1 short sword of speed!
* * * LOW HITPOINT WARNING * * *
Duvessa hits you with a +1 short sword of speed!
* * * LOW HITPOINT WARNING * * *
You hit Duvessa.
Duvessa looks as sick as possible!
Duvessa is severely wounded.
Duvessa hits you but does no damage. x3
You hit Duvessa but do no damage.
Duvessa looks as sick as possible!
Duvessa is severely wounded.
Duvessa hits you but does no damage.
Duvessa hits you with a +1 short sword of speed.
You die...

♣.♣♣ ##...#
#..# ♣♣.♣♣
#.#.# #..#
♣♣.♣ #.#.#
#..# ♣.♣♣
#.#.# #..#
♣.♣♣
#.#.#######..#
♣..♣
#.......[..>##
♣♣.♣
###......)..#
♣♣♣ ♣.♣
#.........').#
♣♣.♣♣♣♣.♣
#..♣e.†...####
....♣...♣
#.........#
..♣.....♣
#.........#
.♣♣♣...♣♣
#.........# .♣
♣)♣♣♣
#.........# ♣♣
♣.♣
#........... ♣
♣♣♣
####.########
♣ ... ∆ ♣


You could see Duvessa (berserk, strong, extremely poisoned).

Vanquished Creatures
  A sky beast (D:3)
  Dowan (D:4)
  A jelly (D:4)
  A centaur skeleton (D:4)
  An iguana (D:4)
  4 gnolls (D:3)
  5 adders
  4 dart slugs
  5 orcs
  7 bats
  6 endoplasms
  4 giant cockroaches (D:2)
  5 goblins
  5 hobgoblins
  7 jackals
  3 quokkas
  8 ball pythons
  3 frilled lizards (D:1)
  7 kobolds
  4 rats (D:2)
82 creatures vanquished.

Notes
Turn   | Place    | Note
-------+----------+-------------------------------------------
     0 | Abyss:1  | Gargoyl the Gnoll Abyssal Knight began the quest for the
                  | Orb.
     0 | Abyss:1  | Reached XP level 1. HP: 23/23 MP: 3/3
    38 | Abyss:1  | Noticed a large abomination
    44 | Abyss:1  | Noticed a small abomination
    57 | Abyss:1  | Noticed a quasit
    65 | D:1      | Escaped the Abyss
   209 | D:1      | Reached * piety under Lugonu
   389 | D:1      | Reached XP level 2. HP: 29/29 MP: 5/5
  1097 | D:2      | Reached XP level 3. HP: 35/35 MP: 6/6
  1316 | D:2      | Reached skill level 1 in Short Blades
  1316 | D:2      | Reached skill level 1 in Long Blades
  1316 | D:2      | Reached skill level 1 in Maces & Flails
  1316 | D:2      | Reached skill level 1 in Polearms
  1316 | D:2      | Reached skill level 1 in Staves
  1316 | D:2      | Reached skill level 1 in Slings
  1316 | D:2      | Reached skill level 1 in Bows
  1316 | D:2      | Reached skill level 1 in Crossbows
  1316 | D:2      | Reached skill level 1 in Throwing
  1316 | D:2      | Reached skill level 1 in Stealth
  1316 | D:2      | Reached skill level 1 in Shields
  1316 | D:2      | Reached skill level 1 in Unarmed Combat
  1316 | D:2      | Reached skill level 1 in Spellcasting
  1316 | D:2      | Reached skill level 1 in Evocations
  1316 | D:2      | Reached XP level 4. HP: 19/41 MP: 7/7
  1886 | D:2      | Reached ** piety under Lugonu
  2150 | D:3      | Reached skill level 1 in Conjurations
  2150 | D:3      | Reached skill level 1 in Hexes
  2150 | D:3      | Reached skill level 1 in Summonings
  2150 | D:3      | Reached skill level 1 in Necromancy
  2150 | D:3      | Reached skill level 1 in Translocations
  2150 | D:3      | Reached skill level 1 in Transmutations
  2150 | D:3      | Reached skill level 1 in Fire Magic
  2150 | D:3      | Reached skill level 1 in Ice Magic
  2150 | D:3      | Reached skill level 1 in Air Magic
  2150 | D:3      | Reached skill level 1 in Earth Magic
  2150 | D:3      | Reached skill level 1 in Poison Magic
  2330 | D:3      | Found a faded altar of an unknown god.
  2477 | D:3      | Reached XP level 5. HP: 35/47 MP: 8/8
  3306 | D:3      | Noticed a sky beast
  3312 | D:3      | Killed a sky beast
  3313 | D:3      | Reached skill level 5 in Invocations
  3313 | D:3      | Reached XP level 6. HP: 44/53 MP: 9/9
  3689 | D:4      | Reached skill level 5 in Axes
  3689 | D:4      | Reached skill level 5 in Armour
  4230 | D:4      | Noticed Dowan
  4232 | D:4      | Noticed Duvessa
  4237 | D:4      | Killed Dowan
  4246 | D:4      | HP: 3/79 [Duvessa (11)]
  4248 | D:4      | Slain by Duvessa

Illustrated notes

Levels and vault maps discovered:
D:1:      minmay_arrival_plants_in_alcoves, layout_loops_ring, fountainhead
D:2:      layout_loops_ring, grunt_decor_cap, minmay_three_crescents
D:3:      layout_loops_ring, shapermc_ecumenical_altar_mp_highgroup,
          minmay_unequal
D:4:      kb_forest_paths, layout_basic, grunt_decor_mini_mirrors, uniq_duvessa

Skill      XL: |  1  2  3  4  5  6 |
---------------+-------------------+-----
Short Blades   | 1 2 |  2.1
Long Blades    | 1 2 |  2.1
Maces & Flails | 1 2 |  2.1
Polearms       | 1 2 |  2.1
Staves         | 1 2 |  2.1
Slings         | 1 2 |  2.1
Bows           | 1 2 |  2.1
Crossbows      | 1 2 |  2.1
Throwing       | 1 2 |  2.1
Stealth        | 1 2 |  2.1
Shields        | 1 2 |  2.1
Unarmed Combat | 1 2 |  2.1
Spellcasting   | 1 2 |  2.1
Evocations     | 1 2 |  2.1
Conjurations   | 1 |  1.7
Hexes          | 1 |  1.7
Summonings     | 1 |  1.7
Necromancy     | 1 |  1.7
Translocations | 1 |  1.7
Transmutations | 1 |  1.7
Fire Magic     | 1 |  1.7
Ice Magic      | 1 |  1.7
Air Magic      | 1 |  1.7
Earth Magic    | 1 |  1.7
Poison Magic   | 1 |  1.7
Dodging        | 3 |  3.3
Invocations    | 5 |  5.2
Axes           | 5 |  5.0
Armour         | 5 |  5.0
Fighting       | |  6.9

Action                   |  1- 3 |  4- 6 || total
-------------------------+-------+-------++-------
Melee: Hand axe          |    73 |   164 ||   237
       Bite              |     6 |    20 ||    26
       Punch             |       |     1 ||     1
Invok: Depart the Abyss  |     1 |       ||     1
       Bend Space        |       |     1 ||     1
  Use: Scroll            |     6 |     1 ||     7
       Potion            |       |     3 ||     3
Armor: Leather armour    |    40 |     9 ||    49
       Scale mail        |       |    13 ||    13
       Chain mail        |       |    48 ||    48
       Skin              |       |     5 ||     5
Dodge: Dodged            |    70 |   104 ||   174

Table legend: (Time is in decaauts)
 A = Elapsed time spent in this place.
 B = Non-inter-level travel time spent in this place.
 C = Inter-level travel time spent in this place.
 D = Time resting spent in this place.
 E = Time spent auto-exploring this place.
 F = Levels seen in this place.
 G = Mean time per level.
                   A        B        C        D        E       F      G
               +--------+--------+--------+--------+--------+-----+--------+
         Total |   4266 |   4177 |     89 |    426 |   2984 |   5 |  853.2 |
       Dungeon |   4201 |   4112 |     89 |    426 |   2947 |   4 | 1050.2 |
         Abyss |     65 |     65 |      0 |      0 |     37 |   1 |   65.0 |
               +--------+--------+--------+--------+--------+-----+--------+

Top non-repeatable levels by time:
     D:3: 1300 daAuts
     D:2: 1056 daAuts
     D:1: 954 daAuts
     D:4: 889 daAuts
 Abyss:1: 65 daAuts
